 Seeded DCSS version 0.30.0-5-g1a98f26d00 (webtiles) character file.

Game seed: 8273583496444820923 (custom seed)

93 hbarley the Trooper (level 4, -1/40 HPs)
             Began as a Hill Orc Fighter on May 11, 2023.
             Slain by Sigmund
             ... wielding a +0 scythe
              (2 damage)
             ... on level 3 of the Dungeon.
             The game lasted 00:03:56 (1813 turns).

hbarley the Trooper (Hill Orc Fighter)              Turns: 1813, Time: 00:03:57

Health: -1/40      AC: 10    Str: 20    XL:     4   Next: 62%
Magic:  4/4        EV:  9    Int:  8    God:
Gold:   98         SH:  4    Dex: 10    Spells: 3/3 levels left

rFire   . . .        a - +0 war axe
rCold   . . .        c - +0 buckler
rNeg    . . .        b - +0 scale mail
rPois   .            (no helmet)
rElec   .            (no cloak)
rCorr   .            i - +1 pair of gloves
SInv    .            l - +0 pair of boots
Will    .....        (no amulet) Stlth
                     (no ring)
HPRegen 0.26/turn    (no ring)
MPRegen 0.09/turn

%: no passive effects
@: no status effects
A: no striking features
a: no special abilities


You were on level 3 of the Dungeon.
You visited 1 branch of the dungeon, and saw 3 of its levels.

You collected 98 gold pieces.

Inventory:

Hand Weapons
 a - a +0 war axe (weapon)
Armour
 b - a +0 scale mail (worn)
 c - a +0 buckler (worn)
 i - a +1 pair of gloves (worn)
 l - a +0 pair of boots (worn)
Scrolls
 f - a scroll of poison {unknown}
 g - a scroll of acquirement {unknown}
 j - a scroll of identify {unknown}
 m - 2 scrolls of vulnerability {unknown}
 n - 2 scrolls of fear {unknown}
Potions
 d - a potion of might
 e - a potion of flight {unknown}
 h - a potion of mutation {unknown}
 k - a potion of magic {unknown}
 o - a potion of curing {unknown}
 p - a potion of cancellation {unknown}


   Skills:
 + Level 4.2 Fighting
 + Level 3.9 Axes
 + Level 4.0 Armour
 + Level 0.6 Dodging
 + Level 3.9 Shields


You had 3 spell levels left.
You didn't know any spells.
Your spell library was empty.

Dungeon Overview and Level Annotations

Branches:
Dungeon (3/15)

Altars:
Yredelemnul

Annotations:
D:3 Sigmund


Message History

You bump into the rock wall.
Something hits you.
You miss something. Something hits you but does no damage.
You closely miss something. Something hits you.
You feel less confused. Something hits you.
You hear some strange, mumbled words.
A puff of flame appears from out of thin air!
The puff of flame hits you.
You hit something but do no damage. Something hits you.
You closely miss something.
You hear some strange, mumbled words.
A magic dart appears from out of thin air!
The magic dart hits you.
You closely miss something.
You hear some strange, mumbled words.
A magic dart appears from out of thin air!
The magic dart hits you but does no damage.
You hear some strange, mumbled words.
You are confused.
Something hits you.
You're too confused to move!
Something hits you but does no damage. Something hits you.
You feel less confused. Something hits you but does no damage.
You barely miss something.
You hear some strange, mumbled words.
Something tries to affect you, but you resist.
You closely miss something. Something hits you.
You closely miss something.
You hear some strange, mumbled words.
Something tries to affect you, but you resist.
You closely miss something. Something hits you.
* * * LOW HITPOINT WARNING * * *
You miss something. Something hits you.
* * * LOW HITPOINT WARNING * * *
You barely miss something. Something hits you.
* * * LOW HITPOINT WARNING * * *
You barely miss something. Something hits you.
You die...

## #.#....... ..
#.#.#.##.######.##
#.#.#...........<†
#.#.#..#.#####..##
#.#.#..#.# #..##
#.#.#..#.# #..##
#.#.#..#.## #..#.
.##.##@{..)....####..#.
#...!.........."........
####...##....#.#..>...†.
..........#...#####..##
###...##....### #..#
#### #..... >...#
####### ######


There were no monsters in sight!

Vanquished Creatures
  A scorpion zombie (D:3)
  An adder (D:2)
  An adder zombie (D:3)
  A worm (D:2)
  9 ball pythons
  8 bats
  4 endoplasms
  3 giant cockroaches
  2 goblins
  5 hobgoblins
  4 jackals (D:1)
  2 quokkas
  A ball python zombie (D:3)
  2 frilled lizards (D:2)
  3 kobolds
  5 rats
52 creatures vanquished.

Notes
Turn   | Place    | Note
-------+----------+-------------------------------------------
     0 | D:1      | hbarley the Hill Orc Fighter began the quest for the Orb.
     0 | D:1      | Reached XP level 1. HP: 19/19 MP: 1/1
   131 | D:1      | Reached XP level 2. HP: 20/27 MP: 2/2
   656 | D:1      | Reached XP level 3. HP: 31/33 MP: 3/3
  1440 | D:3      | Reached XP level 4. HP: 34/40 MP: 4/4
  1496 | D:3      | Found a basalt altar of Yredelemnul.
  1744 | D:3      | Found a faded altar of an unknown god.
  1785 | D:3      | Noticed Sigmund
  1812 | D:3      | HP: 1/40 [something (3)]
  1813 | D:3      | Slain by Sigmund

Illustrated notes

Levels and vault maps discovered:
D:1:      dpeg_arrival_renting, layout_loops_ring, minmay_misc_feat_plants
D:2:      layout_rooms
D:3:      layout_loops_ring, nicolae_yredelemnul_corpse_copse,
          ebering_ecumenical_altar_rust, dreamdust_princess_corridor,
          uniq_sigmund, uniq_terence, uniq_ijyb

Skill      XL: |  1  2  3  4 |
---------------+-------------+-----
Fighting       | 4 |  4.2
Axes           | 3 |  3.9
Armour         | 4 |  4.0
Dodging        | |  0.6
Shields        | |  3.9

Action                     |  1- 3 |  4- 6 || total
---------------------------+-------+-------++-------
  Melee: War axe           |   102 |    47 ||   149
 Armour: Scale mail        |    76 |    26 ||   102
  Dodge: Dodged            |    59 |    19 ||    78
  Block: Buckler           |    39 |     7 ||    46
